 Dungeon Crawl Stone Soup version bcrawl-1.19.2-6-g6a88ae04c9 (webtiles) character file.

Game seed: 12142162691429295332

184 Anathary the Shield-Bearer (level 5, 0/32 HPs)
             Began as a Skeleton Fighter on Dec 17, 2019.
             Slain by an orc
             ... wielding a +0 flail
              (2 damage)
             ... on level 3 of the Dungeon on Dec 20, 2019.
             The game lasted 00:08:28 (1848 turns).

Anathary the Shield-Bearer (Skeleton Fighter)       Turns: 1848, Time: 00:08:29

Health: 0/32       AC:  7    Str: 23      XL:     5   Next: 36%
Magic:  0/5        EV:  8    Int:  6 (7)  God:
Gold:   143        SH: 10    Dex:  8      Spells: 4/4 levels left

rFire    . . .     SeeInvis .   a - +0 long sword
rCold    + . .     Gourm    .   c - +0 shield
rNeg     + + +     Faith    .   b - +0 scale mail
rPois    ∞         Spirit   +   (no helmet)
rElec    .         Reflect  .   (no cloak)
rCorr    .         Harm     .   (no gloves)
MR       .....                  (no boots)
Stlth    ..........             (no amulet)
HPRegen  0.10/turn              d - ring of wizardry
MPRegen  0.09/turn              (no ring)

@: no status effects
A: no food or potions, cold resistance 1, deterioration 1, negative energy
resistance 3, torment resistance, unbreathing, magic shield, sturdy frame 1,
spell healing
a: no special abilities


You were on level 3 of the Dungeon.
You were not hungry.

You visited 1 branch of the dungeon, and saw 3 of its levels.

You collected 143 gold pieces.

Inventory:

Hand Weapons
 a - a +0 long sword (weapon)
Armour
 b - a +0 scale mail (worn)
 c - a +0 shield (worn)
Jewellery
 d - a ring of wizardry (left hand)
Scrolls
 e - 2 scrolls of identify {unknown}
 f - 2 scrolls of amnesia {unknown}
 g - a scroll of magic mapping {unknown}
 h - a scroll of enchant armour {unknown}


   Skills:
 + Level 3.5 Fighting
 + Level 4.2 Long Blades
 + Level 4.3 Armour
 + Level 1.4 Dodging
 + Level 4.7 Shields


You had 4 spell levels left.
You didn't know any spells.
Your spell library was empty.

Dungeon Overview and Level Annotations

Branches:
Dungeon (3/12)

Altars:
Sif Muna
The Shining One


Innate Abilities, Weirdness & Mutations

You do not eat or drink.
You are immune to poison.
Your flesh is cold resistant. (rC+)
Your body sometimes deteriorates upon taking damage.
You are immune to negative energy. (rN+++)
You are immune to unholy pain and torment.
You can survive without breathing.
When hurt, damage is shared between your health and your magic reserves.
Your movements are slightly less encumbered by armour. (ER -2)
Casting spells heals you.


Message History

* * * LOW HITPOINT WARNING * * *
Things that are here:
a +0 chain mail; an orc corpse You hit the orc priest.
The orc priest is moderately wounded.
The orc wizard miscasts a cantrip.
The orc priest calls upon Beogh to heal the orc wizard.
The orc wizard is healed somewhat.
You block the orc's attack. You block the orc wizard's attack.
You slash the orc priest!
You kill the orc priest!
The orc wizard points at you and mumbles some strange words.
The magic dart hits you!
* * * LOW HITPOINT WARNING * * *
You block the orc's attack. The orc wizard barely misses you.
The orc wizard closely misses you.
You slash the orc wizard!
The orc wizard is severely wounded.
You block the orc wizard's attack. The orc hits you with a +0 flail.
You die...

## .# . ##.##
#.######... .
#<.......# ###.
...#...##...
#.#....#.#
#..@o....#
.####.o....#
...........###.#
..####.........#
......##.######
# ########.# #
##'## # ##...##
##### ##.....##
#....


You could see an orc wizard and an orc.

Vanquished Creatures
  A bullfrog zombie (D:3)
  An orc priest (D:3)
  3 gnolls (D:2)
  4 adders
  An ooze (D:3)
  2 worms (D:2)
  A dart slug (D:2)
  4 leopard geckos
  2 orcs (D:3)
  2 bats (D:1)
  4 goblins
  7 hobgoblins
  4 jackals (D:3)
  2 kobolds (D:2)
  4 frilled lizards (D:2)
  2 rats
44 creatures vanquished.

Notes
Turn   | Place    | Note
-------+----------+-------------------------------------------
     0 | D:1      | Anathary the Skeleton Fighter began the quest for the Orb.
     0 | D:1      | Reached XP level 1. HP: 14/14 MP: 1/1
   181 | D:1      | Reached XP level 2. HP: 18/19 MP: 2/2
   426 | D:2      | Reached XP level 3. HP: 10/23 MP: 3/3
   922 | D:2      | Found a glowing golden altar of the Shining One.
  1034 | D:2      | Reached XP level 4. HP: 20/28 MP: 1/4
  1291 | D:2      | Found a shimmering blue altar of Sif Muna.
  1780 | D:3      | Reached skill level 1 in Dodging
  1797 | D:3      | Reached XP level 5. HP: 27/32 MP: 3/5
  1846 | D:3      | HP: 1/32 [orc wizard/magic dart (4)]
  1848 | D:3      | Slain by an orc

Skill      XL: |  1  2  3  4 |
---------------+-------------+-----
Shields        | 4 |  4.7
Long Blades    | 3 4 |  4.2
Armour         | 4 |  4.3
Dodging        | 1 |  1.4
Fighting       | |  3.5

Action                   |  1- 3 |  4- 6 || total
-------------------------+-------+-------++-------
Melee: Long sword        |   107 |    82 ||   189
Armor: Scale mail        |    30 |    52 ||    82
Dodge: Dodged            |    45 |    55 ||   100
Block: Shield            |    57 |    76 ||   133
